 Dungeon Crawl Stone Soup version 0.30.1-11-g7821555f0a (webtiles) character file.

Game seed: 4786190980844397063

1498 Ardargoz the Cleaver (level 8, -3/66 HPs)
             Began as a Minotaur Berserker on Dec 20, 2023.
             Was a High Priest of Trog.
             Slain by a gnoll
             ... wielding a +0 halberd
             ... led by a gnoll bouda
              (9 damage)
             ... on level 5 of the Dungeon.
             The game lasted 00:27:38 (4938 turns).

Ardargoz the Cleaver (Minotaur Berserker)           Turns: 4938, Time: 00:27:39

Health: -3/66      AC: 13    Str: 24    XL:     8   Next: 52%
Magic:  7/7        EV:  9    Int:  4    God:    Trog [*****.]
Gold:   268        SH:  0    Dex: 10    Spells: 7/7 levels left

rFire   . . .        p - +0 war axe
rCold   + . .        (no shield)
rNeg    . . .        x - +0 chain mail
rPois   .            (helmet restricted)
rElec   .            n - +2 cloak
rCorr   .            B - +0 pair of gloves
SInv    .            (no boots)
Will    ++...        (no amulet) Stlth
                     g - ring of flight
HPRegen 1.31/turn    y - ring of protection from cold
MPRegen 0.10/turn

%: no passive effects
@: weakened, strong-willed, flying, regenerating
A: horns 2, retaliatory headbutt
a: Renounce Religion, Berserk, Trog's Hand, Brothers in Arms


You were on level 5 of the Dungeon.
You worshipped Trog.
Trog was extremely pleased with you.
You visited 1 branch of the dungeon, and saw 5 of its levels.
You also visited: Sewer.

You collected 268 gold pieces.

Inventory:

Hand Weapons
 a - a +0 hand axe
 f - a +1 dagger of draining
 h - a +0 morningstar
 m - a +2 spear of flaming
 p - a +0 war axe (weapon)
 r - a +2 flail of protection
Missiles
 d - 46 stones (quivered)
Armour
 b - a +0 animal skin
 n - a +2 cloak (worn)
 o - a +0 ring mail
 x - a +0 chain mail (worn)
 B - a +0 pair of gloves (worn)
Jewellery
 g - a ring of flight (left hand)
 y - a ring of protection from cold (right hand)
Wands
 w - a wand of mindburst (10)
 C - a wand of iceblast (5)
Scrolls
 c - 3 scrolls of identify {unknown}
 e - 2 scrolls of teleportation {unknown}
 j - 2 scrolls of summoning
 l - 2 scrolls of enchant armour {unknown}
 q - a scroll of magic mapping
 t - 2 scrolls of fear
 u - a scroll of torment {unknown}
 v - 2 scrolls of poison {unknown}
 z - a scroll of noise {unknown}
 D - a scroll of blinking
Potions
 i - a potion of might {unknown}
 k - a potion of flight {unknown}
 s - 3 potions of attraction {unknown}
 A - 3 potions of curing {unknown}


   Skills:
 - Level 4.0 Fighting
 * Level 12.7 Axes
 - Level 3.0 Armour
 - Level 3.0 Dodging


You had 7 spell levels left.
You didn't know any spells.
Your spell library contained the following spells:

 Spells                   Type           Power      Damage    Failure   Level
 Freeze                   Ice            0%         1d3       97%         1
 Sandblast                Erth           0%         2d4       97%         1
 Shock                    Conj/Air       0%         1d3       97%         1
 Slow                     Hex            0%         N/A       97%         1
 Cigotuvi's Dreadful Rot  Necr/Pois/Air  0%         N/A       99%         2
 Passwall                 Tmut/Erth      0%         N/A       99%         2
 Confusing Touch          Hex            0%         N/A       100%        3
 Frozen Ramparts          Ice            0%         1d1       100%        3
 Hailstorm                Conj/Ice       0%         3d3       100%        3
 Portal Projectile        Hex/Tloc       0%         N/A       100%        3
 Stone Arrow              Conj/Erth      0%         3d7       100%        3
 Swiftness                Air            0%         N/A       100%        3
 Tukima's Dance           Hex            0%         N/A       100%        3
 Vampiric Draining        Necr           0%         2d6       100%        3
 Airstrike                Air            0%         2d(0-16)  100%        4
 Dispel Undead            Necr           0%         3d6       100%        4
 Blade Hands              Tmut           0%         N/A       100%        5
 Death Channel            Necr           0%         N/A       100%        6


Dungeon Overview and Level Annotations

Branches:
Dungeon (5/15)              Sewer (visited)
 Temple: D:4-7

Altars:
Nemelex Xobeh
Xom

Shops:
D:1 *


Innate Abilities, Weirdness & Mutations

You have a pair of horns on your head.
You reflexively headbutt those who attack you in melee.


Message History

The gnoll hits you from afar with a +0 spear.
You closely miss the gnoll.
The gnoll is heavily wounded.
You closely miss the gnoll bouda. You barely miss the gnoll bouda.
The gnoll bouda hits you with a +0 club.
The gnoll bouda hits you but does no damage.
The gnoll hits you with a +4 whip of flaming.
The gnoll burns you.
The gnoll hits you from afar with a +0 spear!
* * * LOW HITPOINT WARNING * * *
You closely miss the gnoll.
The gnoll is heavily wounded.
You hit the gnoll bouda but do no damage.
You hit the gnoll bouda. The gnoll hits you but does no damage.
The gnoll bouda gazes fiercely through you!
You feel as though you will be weak longer.
The gnoll bouda hits you with a +0 club.
* * * LOW HITPOINT WARNING * * *
The gnoll hits you but does no damage.
The gnoll hits you from afar with a +0 halberd!
* * * LOW HITPOINT WARNING * * *
The gnoll hits you but does no damage.
You slash the gnoll bouda! You headbutt the gnoll bouda.
You kill the gnoll bouda!
Trog accepts your kill.
You closely miss the gnoll bouda. You hit the gnoll.
You kill the gnoll!
Trog accepts your kill.
A hound comes into view.
The gnoll closely misses you. The gnoll bouda barely misses you.
The gnoll hits you but does no damage. The gnoll closely misses you.
The hound moves out of view.
You hit the gnoll bouda.
The gnoll bouda is lightly wounded.
The gnoll barely misses you.
You slash the gnoll bouda! Your headbutt misses the gnoll bouda.
The gnoll bouda is severely wounded.
The gnoll hits you but does no damage.
The gnoll hits you from afar with a +0 halberd!
You die...

,,*,*,,,,*,,,,,***,,,............
,,,***,,,***,,,...,**..........#.
,,,*,,,,,,,,,,*#..****#........#.
,,,,,,**,.,,,,,#..## ##.........
,,,,,***,..,,,,,...####..........
*,*,,***,...#,,*,#..##.........##
***,,,**,.....####.........)>...#
**,,,,**,.....g)g#...##..........
*,,,,***,.....g)@)........†..#.#.
***,,**,,.....g..).#.........###.
**,*,,,,,........###...........#.
,,,***,,,.........*#.##........#)
,,,,,,,,,.>.......,#####.......##
,,,,,,,**.######...,* ##........
,,,,,,,,,,,****###.** *......#..
,,,,,,,,,,,,,**,,,..* *##....#..
,,,,,,*,**,,,*,,,,,*** ***,,,,##.


You could see a gnoll bouda (swift) and 3 gnolls.

Vanquished Creatures
  2 water moccasins
  3 ogres
  A black bear (D:4)
  2 bullfrogs (Sewer)
  A scorpion (D:4)
  A crimson imp (D:5)
  A hound (D:5)
  A gnoll bouda (D:5)
  Natasha (thrice) (D:2)
  An iguana (D:4)
  2 orc wizards (D:4)
  11 gnolls
  13 adders
  An ufetubus (D:4)
  4 dart slugs
  14 orcs
  13 ball pythons
  14 endoplasms
  14 giant cockroaches
  15 goblins
  9 hobgoblins
  11 jackals
  8 quokkas
  9 bats
  11 frilled lizards
  3 kobolds
  8 rats
176 creatures vanquished.

Vanquished Creatures (collateral kills)
  3 crimson imps (D:5)
3 creatures vanquished.

Grand Total: 179 creatures vanquished

Notes
Turn   | Place    | Note
-------+----------+-------------------------------------------
     0 | D:1      | Ardargoz the Minotaur Berserker began the quest for the
                  | Orb.
     0 | D:1      | Reached XP level 1. HP: 19/19 MP: 0/0
   196 | D:1      | Found Nemedawk's General Store.
   270 | D:1      | Found a faded altar of an unknown god.
   332 | D:1      | Reached XP level 2. HP: 24/27 MP: 1/1
   361 | D:1      | Reached skill level 4 in Axes
   729 | D:1      | Reached ** piety under Trog
   734 | D:1      | Reached XP level 3. HP: 32/33 MP: 2/2
  1341 | D:2      | Reached XP level 4. HP: 40/40 MP: 3/3
  1353 | D:2      | Noticed Natasha
  1360 | D:2      | Killed Natasha
  1361 | D:2      | Reached skill level 5 in Axes
  1468 | D:2      | Noticed Natasha
  1473 | D:2      | Killed Natasha
  1473 | D:2      | Reached *** piety under Trog
  1508 | D:2      | Noticed an ogre
  1525 | D:2      | Killed an ogre
  1526 | D:2      | Reached skill level 6 in Axes
  1526 | D:2      | Reached XP level 5. HP: 46/46 MP: 4/4
  1578 | D:2      | Reached skill level 7 in Axes
  1802 | D:2      | Noticed Natasha
  1812 | D:2      | Killed Natasha
  2520 | D:3      | Reached XP level 6. HP: 52/52 MP: 5/5
  2921 | D:3      | Found a sparkling altar of Nemelex Xobeh.
  3291 | D:4      | Reached skill level 8 in Axes
  3349 | D:4      | Reached **** piety under Trog
  3483 | D:4      | Reached skill level 9 in Axes
  3614 | D:4      | Reached XP level 7. HP: 59/59 MP: 6/6
  3807 | D:4      | Reached skill level 10 in Axes
  4541 | D:5      | Entered Level 5 of the Dungeon
  4548 | D:5      | Reached skill level 11 in Axes
  4548 | D:5      | Reached XP level 8. HP: 60/66 MP: 7/7
  4553 | D:5      | Found a shimmering altar of Xom.
  4586 | D:5      | Found a glowing drain.
  4612 | Sewer    | Entered a sewer
  4666 | Sewer    | Reached ***** piety under Trog
  4698 | Sewer    | Reached skill level 12 in Axes
  4935 | D:5      | HP: 2/66 [gnoll/+0 halberd[a gnoll bouda] (11)]
  4938 | D:5      | Slain by a gnoll

Illustrated notes

Levels and vault maps discovered:
D:1:      dpeg_arrival_yet_another_circle, layout_loops_corners, serial_shops,
          nicolae_shop_hallway_plus, ebering_ecumenical_altar_abandoned
D:2:      minmay_evil_eye, layout_basic, guppyfry_early_orc_mine, uniq_natasha
D:3:      minmay_angry_zag, layout_basic, mainiacjoe_overflow_small_starburst
D:4:      minmay_chambers_of_twos, layout_loops_cross, chequers_garden
D:5:      layout_cave_pools, led_xom_imps, eat_drink_and_be_merry_uskayaw,
          cheibrodos_sewer_entry_drain

Skill      XL: |  1  2  3  4  5  6  7  8 |
---------------+-------------------------+-----
Axes           | 4 6 7 9 11 12 | 12.7
Fighting       | 4 |  4.0
Armour         | 3 |  3.0
Dodging        | 3 |  3.0

Action                     |  1- 3 |  4- 6 |  7- 9 || total
---------------------------+-------+-------+-------++-------
  Melee: Hand axe          |    95 |       |       ||    95
         Headbutt          |    11 |    15 |    17 ||    43
         War axe           |    21 |   117 |   140 ||   278
 Invoke: Trog's Hand       |       |     1 |     1 ||     2
         Berserk           |       |     1 |       ||     1
    Use: Scroll            |       |       |     3 ||     3
 Armour: Animal skin       |     4 |       |       ||     4
         Leather armour    |     8 |       |       ||     8
         Ring mail         |     9 |    60 |       ||    69
         Chain mail        |       |     2 |    83 ||    85
  Dodge: Dodged            |    61 |    82 |    70 ||   213
